 Dungeon Crawl Stone Soup version 0.21-a0-421-gfc1ce30 (webtiles) character file.

1766 zxpr0jk the Nimble (level 9, -2/60 HPs)
             Began as a Halfling Gladiator on Nov 4, 2017.
             Slain by an orc warrior
             ... wielding a +0 scimitar
              (17 damage)
             ... on level 6 of the Dungeon.
             The game lasted 00:11:22 (4962 turns).

zxpr0jk the Nimble (Halfling Gladiator)             Turns: 4962, Time: 00:11:22

Health: -2/60      AC:  8    Str: 15    XL:     9   Next: 28%
Magic:  9/9        EV: 24    Int:  6    God:
Gold:   332        SH:  0    Dex: 19    Spells: 8/8 levels left

rFire    + . .     SeeInvis .   a - +0 long sword
rCold    + . .     Gourm    .   (shield restricted)
rNeg     . . .     Faith    .   b - +0 leather armour
rPois    +         Spirit   .   c - +0 helmet
rElec    +         Reflect  .   y - +2 cloak {+Inv}
rCorr    +         Harm     .   (no gloves)
MR       .....                  A - +0 pair of boots
Stlth    ++........             (no amulet)
HPRegen  0.20/turn              v - +3 ring of evasion
MPRegen  0.11/turn              u - ring of stealth

@: resistant, hasted, very quick
A: mutation resistance 1, subdued magic 1
a: Evoke Invisibility


You were on level 6 of the Dungeon.
You were very hungry.

You visited 1 branch of the dungeon, and saw 6 of its levels.

You collected 332 gold pieces.

Inventory:

Hand Weapons
 a - a +0 long sword (weapon)
Armour
 b - a +0 leather armour (worn)
 c - a +0 helmet (worn)
 k - a +0 cloak of poison resistance
 y - a +2 cloak of invisibility (worn)
 A - a +0 pair of boots (worn)
Jewellery
 o - an uncursed ring of magical power
 u - a ring of stealth (right hand)
 v - a +3 ring of evasion (left hand)
 B - an uncursed ring of fire
Wands
 h - a wand of digging (6/24)
 i - a wand of paralysis (8/24)
Scrolls
 e - a scroll of remove curse
 j - a scroll of random uselessness {unknown}
 l - 3 scrolls of amnesia {unknown}
 m - 2 scrolls of enchant weapon {unknown}
 r - a scroll of recharging {unknown}
 s - a scroll of teleportation {unknown}
 x - a scroll of enchant armour {unknown}
 z - 4 scrolls of identify {unknown}
 C - a scroll of blinking {unknown}
Books
 t - a book of Air

   Spells                             Type                      Level
   a - Shock                          Conjuration/Air              1
   b - Swiftness                      Charms/Air                   2
   c - Static Discharge               Conjuration/Air              3
   d - Airstrike                      Air                          4
   e - Lightning Bolt                 Conjuration/Air              5
Comestibles
 f - 4 bread rations
 g - 3 meat rations
 n - a royal jelly
 p - 6 fruits


   Skills:
 + Level 4.9 Fighting
 * Level 7.8 Long Blades
 - Level 2.0 Throwing
 * Level 8.5 Dodging


You had 8 spell levels left.
You didn't know any spells.

Dungeon Overview and Level Annotations

Branches:
Dungeon (6/15)
 Temple: D:4-7

Altars:
Gozag
Kikubaaqudgha
Nemelex Xobeh
Okawaru
Ru
Trog
Uskayaw
Xom
Yredelemnul
Zin
The Shining One


Innate Abilities, Weirdness & Mutations

You are small and have problems with some larger weapons.
You are somewhat resistant to further mutation.
Your spells are a little easier to cast, but a little less powerful.


Message History

The orc warrior is heavily wounded.
You hit the orc warrior but do no damage.
The orc warrior is heavily wounded.
The orc warrior misses you.
You riposte.
You are feeling very hungry.
You hit the orc warrior but do no damage.
The orc warrior is heavily wounded.
You hit the orc warrior but do no damage.
The orc warrior is heavily wounded.
You hit the orc warrior.
The orc warrior is heavily wounded.
The orc warrior barely misses you.
You riposte.
You hit the orc warrior but do no damage.
The orc warrior is heavily wounded.
You hit the orc warrior but do no damage.
The orc warrior is heavily wounded.
You hit the orc warrior.
The orc warrior is severely wounded.
The orc warrior hits you with a scimitar!
You die...

...#.... .#
#......# ..#
#...... #.##/?...#
#.#.....### ...
#...)....# ....
...#.o..##...>. ..
#.###..#..... ...
#@##..##..# ..# ..
##o.#....# #..##..
###.....####......
#...#...........
###.............
##..........#..
#.#.##.......#
####.###....##
##.###..##


You could see an orc warrior.

Vanquished Creatures
  The ghost of iamoutofideas the Covert, a novice SpEn (D:6)
  The ghost of iamoutofideas the Sneak, a novice SpEn of Wu Jian (D:5)
  2 sky beasts
  2 ogres
  2 centaurs
  A scorpion (D:4)
  A bullfrog zombie (D:4)
  2 hounds
  2 orc priests (D:4)
  6 orc wizards
  Crazy Yiuf (D:3)
  2 bullfrog skeletons (D:5)
  An iguana (D:4)
  A worker ant (D:5)
  3 gnolls (D:3)
  7 adders
  An ooze (D:1)
  2 adder skeletons (D:4)
  2 adder zombies (D:5)
  A worm (D:5)
  3 dart slugs (D:1)
  6 leopard geckos
  19 orcs
  4 giant cockroaches
  8 goblins
  5 hobgoblins
  9 jackals
  5 kobolds
  A quokka (D:6)
  3 ball pythons
  6 bats
  5 frilled lizards
  A jackal skeleton (D:4)
  8 rats
124 creatures vanquished.

Notes
Turn   | Place    | Note
-------+----------+-------------------------------------------
     0 | D:1      | zxpr0jk the Halfling Gladiator began the quest for the Orb.
     0 | D:1      | Reached XP level 1. HP: 14/14 MP: 1/1
    53 | D:1      | Reached XP level 2. HP: 18/19 MP: 2/2
   156 | D:1      | Reached XP level 3. HP: 21/24 MP: 3/3
   859 | D:2      | Reached skill level 4 in Dodging
   889 | D:2      | Found an iron altar of Okawaru.
   889 | D:2      | Found an ancient bone altar of Kikubaaqudgha.
   897 | D:2      | Reached XP level 4. HP: 21/29 MP: 4/4
  1742 | D:3      | Found a bloodstained altar of Trog.
  1793 | D:3      | Reached XP level 5. HP: 30/35 MP: 5/5
  2301 | D:3      | Found an opulent altar of Gozag.
  2345 | D:3      | Found a sacrificial altar of Ru.
  2431 | D:3      | Found a runed door.
  2435 | D:3      | Noticed Crazy Yiuf
  2441 | D:3      | Killed Crazy Yiuf
  2441 | D:3      | Reached skill level 5 in Dodging
  2441 | D:3      | Reached XP level 6. HP: 41/41 MP: 6/6
  2718 | D:4      | Reached skill level 5 in Long Blades
  2839 | D:4      | Found a glowing silver altar of Zin.
  2888 | D:4      | Reached XP level 7. HP: 38/46 MP: 7/7
  2996 | D:4      | Reached skill level 6 in Dodging
  3157 | D:4      | Found a shimmering altar of Xom.
  3375 | D:4      | Found a hide-covered altar of Uskayaw.
  3376 | D:4      | Found a sparkling altar of Nemelex Xobeh.
  3379 | D:4      | Found a glowing golden altar of the Shining One.
  3380 | D:4      | Found a basalt altar of Yredelemnul.
  3433 | D:5      | Entered Level 5 of the Dungeon
  3454 | D:5      | Reached XP level 8. HP: 25/54 MP: 8/8
  3461 | D:5      | Gained mutation: Your spells are a little easier to cast, but a little less powerful. [mutagenic meat]
  3789 | D:5      | Noticed iamoutofideas's ghost (novice SpEn)
  3800 | D:5      | Killed iamoutofideas's ghost
  3800 | D:5      | Reached skill level 7 in Dodging
  4484 | D:6      | Noticed iamoutofideas's ghost (novice SpEn)
  4504 | D:6      | Reached XP level 9. HP: 32/59 MP: 9/9
  4517 | D:6      | Killed iamoutofideas's ghost
  4517 | D:6      | Reached skill level 8 in Dodging
  4962 | D:6      | Slain by an orc warrior

Vault maps used:
D:1:      dpeg_arrival_solitude
D:2:      grunt_temple_overflow_open, first_bread
D:3:      nicolae_overflow_hidden_temple, lemuel_coloured_pillars_altar,
          lemuel_round_altar, uniq_crazy_yiuf_cottage
D:4:      minitemple, old_standard_altar
D:6:      uniq_eustachio

Skill      XL: |  1  2  3  4  5  6  7  8  9 |
---------------+----------------------------+-----
Fighting       | 2 3 4 |  4.9
Dodging        | 4 5 6 7 8 |  8.5
Long Blades    | 4 5 6 7 |  7.8
Throwing       | |  2.0

Action                   |  1- 3 |  4- 6 |  7- 9 || total
-------------------------+-------+-------+-------++-------
Melee: Long sword        |    65 |   188 |   226 ||   479
Throw: Throwing net      |       |     5 |       ||     5
Evoke: Wand              |       |       |     5 ||     5
  Use: Potion            |       |     4 |     6 ||    10
       Scroll            |       |       |     2 ||     2
 Stab: Held in net/web   |       |     3 |       ||     3
       Paralysed         |       |       |     6 ||     6
  Eat: Chunk             |       |     7 |    12 ||    19
Armor: Leather armour    |    21 |    35 |    56 ||   112
       Skin              |       |    63 |       ||    63
Dodge: Dodged            |    84 |   160 |   227 ||   471
       Rpst.: Long sword |    31 |    51 |    66 ||   148

Table legend:
 A = Spawn XP
 B = Non-spawn XP
 C = Spawn XP percentage of total XP
 D = Spawn monster count
 E = Non-spawn monster count
 F = Spawn count percentage of total count
 G = Total turns spent on level
                    A         B        C        D         E        F      G
               +---------+---------+-------+---------+---------+-------+---------
         Total |       0 |    2523 |   0.0 |       0 |     124 |   0.0 |  4962
               +---------+---------+-------+---------+---------+-------+---------
           D:1 |       0 |      51 |   0.0 |       0 |      24 |   0.0 |   783
           D:2 |       0 |      42 |   0.0 |       0 |      19 |   0.0 |   742
           D:3 |       0 |     222 |   0.0 |       0 |      22 |   0.0 |  1074
           D:4 |       0 |     575 |   0.0 |       0 |      31 |   0.0 |   834
           D:5 |       0 |     856 |   0.0 |       0 |      15 |   0.0 |  1032
           D:6 |       0 |     777 |   0.0 |       0 |      13 |   0.0 |   497
               +---------+---------+-------+---------+---------+-------+---------
